 Dungeon Sprint DCSS version 0.30-a0-469-g84de5afbc5 (webtiles) character file.

Game seed: 3810870001761510776

5200000 NinjaNoafa the Intangible (level 22, -47/212 HPs)
             Began as a Vampire Gladiator on Dec 19, 2022.
             Was the Champion of Makhleb.
             Annihilated by a meat berserker
             ... wielding a +9 battleaxe
              (81 damage)
             ... in the Dungeon (Sprint VIII: "Arena of Blood").
             The game lasted 00:01:30 (52 turns).

NinjaNoafa the Intangible (Vampire Gladiator)         Turns: 52, Time: 00:01:31

Health: -47/212    AC:  8    Str: 13    XL:     22   Next: 86%
Magic:  20/39      EV: 37    Int: 12    God:    Makhleb [******]
Gold:   0          SH:  0    Dex: 25    Spells: 47/47 levels left

rFire   . . .      SeeInvis +    l - +∞ Axe of Woe
rCold   . . .      Faith    .    (shield currently unavailable)
rNeg    . . .      Spirit   .    b - +0 leather armour
rPois   .          Reflect  .    c - +0 helmet
rElec   .          Harm     .    (no cloak)
rCorr   .          Rampage  .    (no gloves)
Will    ++...      NoTele   +    (no boots)
Stlth   ++++++++++               (no amulet)
HPRegen 0.75/turn                m - +30 ring of slaying
MPRegen 0.26/turn                n - +30 ring of slaying

@: healing quickly
A: alive, fangs 3, see invisible, vampiric 2
a: Exsanguinate, Renounce Religion, Minor Destruction, Lesser Servant of
Makhleb, Major Destruction, Greater Servant of Makhleb


You were in the Dungeon.
You worshipped Makhleb.
Makhleb was exalted by your worship.
You visited 1 branch

Inventory:

Hand Weapons
 l - the +∞ Axe of Woe (weapon)
   (You found it in the Dungeon)
Missiles
 d - 3 throwing nets (quivered)
 e - a javelin
Armour
 b - a +0 leather armour (worn)
 c - a +0 helmet (worn)
Jewellery
 m - a +30 ring of slaying (left hand)
 n - a +30 ring of slaying (right hand)
Potions
 f - a potion of curing
 g - a potion of heal wounds
 h - a potion of haste
 i - 2 potions of magic
 j - a potion of berserk rage


   Skills:
 O Level 27 Fighting
 + Level 15.7(17.8) Short Blades
 + Level 13.0(15.7) Long Blades
 O Level 27 Axes
 + Level 11.0(20.5) Maces & Flails
 + Level 12.0(22.1) Polearms
 + Level 11.0(14.5) Staves
 + Level 11.0 Ranged Weapons
 O Level 27 Throwing
 O Level 27 Armour
 O Level 27 Dodging
 O Level 27 Stealth
 + Level 13.0 Shields
 + Level 15.2 Unarmed Combat
 + Level 13.0 Spellcasting
 + Level 11.0 Conjurations
 + Level 19.9 Hexes
 + Level 14.5 Summonings
 + Level 15.6 Necromancy
 + Level 12.3 Translocations
 + Level 15.6 Transmutations
 + Level 12.3 Fire Magic
 + Level 14.4 Ice Magic
 + Level 14.4 Air Magic
 + Level 14.4 Earth Magic
 + Level 13.3 Poison Magic
 O Level 27 Invocations
 + Level 13.3 Evocations


You had 47 spell levels left.
You didn't know any spells.
Your spell library was empty.

Dungeon Overview and Level Annotations

Branches:
Dungeon (1/1)

Altars:
Makhleb


Innate Abilities, Weirdness & Mutations

Your natural rate of healing is accelerated.
You have razor-sharp teeth.
You have supernaturally acute eyesight. (SInv)
You are afflicted with vampirism and can become a bat while bloodless.


Message History

Your Shields skill increases to level 13!
Your Unarmed Combat skill increases to level 15!
Your Spellcasting skill increases to level 13!
Your Conjurations skill increases to level 11!
Your Summonings skill increases to level 14!
Your Translocations skill increases to level 12!
Your Fire Magic skill increases to level 12!
Your Ice Magic skill increases to level 14!
Your Air Magic skill increases to level 14!
Your Earth Magic skill increases to level 14!
Your Poison Magic skill increases to level 13!
Your Evocations skill increases to level 13!
You are engulfed in blazing flames.
Keep bloodletting?
You hear a shout! x7
You begin bloodletting.
You continue bloodletting.
You are engulfed in blazing flames.
You hear a shout!
The bag of meat completely misses you. The bag of meat barely misses you.
The bag of meat misses you.
The bag of meat hits you but does no damage.
You hear a shout!
The meat berserker rages.
You hear a shout! x2
The meat berserker hits you with a +9 battleaxe!!!!
You hear a shout! x2
You continue bloodletting.
You are engulfed in blazing flames.
You hear a shout! x4
The bag of meat barely misses you.
The bag of meat hits you with a +9 war axe!
The bag of meat hits you with a +9 war axe!!
* * * LOW HITPOINT WARNING * * *
You hear a shout! x2
The meat berserker hits you with a +9 battleaxe!
* * * LOW HITPOINT WARNING * * *
The meat berserker rages.
You hear a shout! x5
The meat berserker hits you with a +9 battleaxe!!!!
You die...

#.......# ...
.###.....).###.......
......###)o)........
...o.._.)O)o...... z
.#...○o#o......# #..
#_.z)☼#..ooo.. ..
#z...)#..oooO#.#.#.
.....O_.)).o.zOoo.....
......###.....o@oo#
.###.. ...###)Ooo.....
#.. ..o#..§o.oV.... #.
....#......oO... ..
.............o..
.........#...#.o.
......# ...#... ....##
...# .o


You could see a destroyer, 2 sculptors of flesh, a large bag of meat (inner
flame), 4 meat berserkers and 23 bags of meat.

Vanquished Creatures
  7 vampire knights (D)
  21 ogres (D)
  2 two-headed ogres (D)
  A hydra (D)
  33 orcs (D)
  A skeletal warrior (D)
65 creatures vanquished.

Notes
Turn   | Place    | Note
-------+----------+-------------------------------------------
     0 | D        | Found the +∞ Axe of Woe
     0 | D        | NinjaNoafa the Vampire Gladiator began the quest for the
                  | Orb.
     0 | D        | Reached XP level 1. HP: 16/16 MP: 1/1
     2 | D        | Noticed a bag of meat
     3 | D        | Noticed a meat berserker
     3 | D        | Noticed a bag of meat
     4 | D        | Killed a meat berserker
     4 | D        | Noticed a bag of meat
     5 | D        | Reached XP level 2. HP: 42/42 MP: 2/2
     5 | D        | Gained mutation: You are afflicted with vampirism and can
                  | become a bat while bloodless. [Vampire growth]
     5 | D        | Reached XP level 3. HP: 48/48 MP: 3/3
     5 | D        | Reached XP level 4. HP: 55/55 MP: 4/4
     5 | D        | Reached XP level 5. HP: 61/61 MP: 5/5
     5 | D        | Reached XP level 6. HP: 68/68 MP: 6/6
     5 | D        | Reached XP level 7. HP: 74/74 MP: 7/7
     5 | D        | Reached XP level 8. HP: 81/81 MP: 8/8
     5 | D        | Reached XP level 9. HP: 87/87 MP: 9/9
     5 | D        | Reached XP level 10. HP: 94/94 MP: 10/10
     5 | D        | Reached XP level 11. HP: 100/100 MP: 11/11
     5 | D        | Killed a bag of meat
     5 | D        | Noticed a meat berserker
     6 | D        | Reached skill level 15 in Fighting
     6 | D        | Reached skill level 15 in Axes
     6 | D        | Reached XP level 12. HP: 110/110 MP: 12/12
     6 | D        | Became a worshipper of Makhleb the Destroyer
     7 | D        | Noticed a meat berserker
     8 | D        | Killed a bag of meat
     9 | D        | Reached skill level 15 in Throwing
     9 | D        | Reached XP level 13. HP: 118/118 MP: 13/13
     9 | D        | Killed a bag of meat
     9 | D        | Reached * piety under Makhleb
     9 | D        | Noticed a bag of meat
     9 | D        | Noticed a bag of meat
     9 | D        | Noticed a bag of meat
    10 | D        | Killed a meat berserker
    11 | D        | Reached XP level 14. HP: 131/131 MP: 14/14
    11 | D        | Killed a meat berserker
    13 | D        | Noticed a bag of meat
    13 | D        | Noticed a meat berserker
    15 | D        | Noticed a bag of meat
    16 | D        | Noticed a bag of meat
    17 | D        | Killed a bag of meat
    17 | D        | Reached ** piety under Makhleb
    18 | D        | Killed a meat berserker
    18 | D        | Killed a bag of meat
    18 | D        | Killed a bag of meat
    18 | D        | Reached *** piety under Makhleb
    18 | D        | Noticed a meat berserker
    19 | D        | Reached XP level 15. HP: 146/146 MP: 15/15
    19 | D        | Noticed a meat berserker
    19 | D        | Noticed a large bag of meat
    21 | D        | Killed a meat berserker
    22 | D        | Reached skill level 27 in Dodging
    22 | D        | Reached XP level 16. HP: 157/157 MP: 16/16
    22 | D        | Noticed a meat berserker
    22 | D        | Noticed a meat berserker
    23 | D        | Noticed a meat berserker
    23 | D        | Noticed a meat berserker
    24 | D        | Noticed a meat berserker
    24 | D        | Killed a meat berserker
    24 | D        | Reached **** piety under Makhleb
    24 | D        | Noticed a meat berserker
    24 | D        | Noticed a meat berserker
    25 | D        | Killed a large bag of meat
    26 | D        | Noticed a meat berserker
    27 | D        | Noticed a destroyer
    27 | D        | Killed a meat berserker
    28 | D        | Reached XP level 17. HP: 117/173 MP: 16/22
    28 | D        | Killed a meat berserker
    28 | D        | Reached ***** piety under Makhleb
    29 | D        | Reached skill level 27 in Fighting
    29 | D        | Reached skill level 27 in Axes
    29 | D        | Killed a meat berserker
    29 | D        | Killed a destroyer
    30 | D        | Reached XP level 18. HP: 182/182 MP: 16/34
    30 | D        | Killed a meat berserker
    30 | D        | Killed a meat berserker
    31 | D        | Reached skill level 27 in Invocations
    31 | D        | Killed a meat berserker
    31 | D        | Noticed a meat berserker
    31 | D        | Noticed a meat berserker
    32 | D        | Reached ****** piety under Makhleb
    32 | D        | Killed a meat berserker
    33 | D        | Reached XP level 19. HP: 161/189 MP: 16/36
    33 | D        | Noticed a meat berserker
    34 | D        | Noticed a large bag of meat
    35 | D        | Killed a meat berserker
    36 | D        | Reached skill level 27 in Armour
    36 | D        | Reached skill level 27 in Throwing
    36 | D        | Killed a meat berserker
    37 | D        | Reached skill level 5 in Long Blades
    37 | D        | Reached skill level 5 in Unarmed Combat
    37 | D        | Reached skill level 5 in Summonings
    37 | D        | Reached skill level 5 in Ice Magic
    37 | D        | Reached skill level 5 in Air Magic
    37 | D        | Reached skill level 5 in Earth Magic
    37 | D        | Reached skill level 5 in Poison Magic
    37 | D        | Reached skill level 5 in Evocations
    37 | D        | Reached XP level 20. HP: 197/197 MP: 17/37
    38 | D        | Reached skill level 5 in Polearms
    38 | D        | Reached skill level 5 in Shields
    38 | D        | Reached skill level 5 in Spellcasting
    38 | D        | Reached skill level 5 in Translocations
    38 | D        | Reached skill level 5 in Fire Magic
    38 | D        | Killed a meat berserker
    39 | D        | Reached skill level 5 in Maces & Flails
    39 | D        | Reached skill level 5 in Staves
    39 | D        | Reached skill level 5 in Ranged Weapons
    39 | D        | Reached skill level 10 in Stealth
    39 | D        | Reached skill level 5 in Conjurations
    39 | D        | Reached skill level 10 in Hexes
    39 | D        | Noticed a destroyer
    39 | D        | Noticed a destroyer
    39 | D        | Noticed a large bag of meat
    39 | D        | Noticed a meat berserker
    39 | D        | Noticed a meat berserker
    39 | D        | Noticed an eight-headed meat hydra
    39 | D        | Noticed a destroyer
    40 | D        | Killed a meat berserker
    40 | D        | Killed a destroyer
    41 | D        | Reached skill level 27 in Stealth
    41 | D        | Noticed a meat berserker
    42 | D        | Killed a destroyer
    43 | D        | Reached skill level 10 in Short Blades
    43 | D        | Reached skill level 10 in Necromancy
    43 | D        | Reached skill level 10 in Transmutations
    43 | D        | Reached XP level 21. HP: 204/204 MP: 18/38
    43 | D        | Killed a destroyer
    43 | D        | Noticed a destroyer
    44 | D        | Reached skill level 10 in Unarmed Combat
    44 | D        | Reached skill level 10 in Summonings
    44 | D        | Reached skill level 10 in Ice Magic
    44 | D        | Reached skill level 10 in Air Magic
    44 | D        | Reached skill level 10 in Earth Magic
    45 | D        | Noticed a destroyer
    45 | D        | Killed a large bag of meat
    46 | D        | Reached skill level 10 in Long Blades
    46 | D        | Reached skill level 15 in Hexes
    46 | D        | Reached skill level 10 in Poison Magic
    46 | D        | Reached skill level 10 in Evocations
    46 | D        | Noticed a destroyer
    46 | D        | Noticed a destroyer
    47 | D        | Reached skill level 10 in Shields
    47 | D        | Reached skill level 10 in Spellcasting
    47 | D        | Killed a destroyer
    48 | D        | Reached skill level 10 in Polearms
    48 | D        | Reached skill level 10 in Translocations
    48 | D        | Reached skill level 10 in Fire Magic
    48 | D        | Reached XP level 22. HP: 207/212 MP: 19/39
    48 | D        | Killed a destroyer
    49 | D        | Reached skill level 15 in Short Blades
    49 | D        | Reached skill level 10 in Maces & Flails
    49 | D        | Reached skill level 10 in Staves
    49 | D        | Reached skill level 10 in Ranged Weapons
    49 | D        | Reached skill level 10 in Conjurations
    49 | D        | Reached skill level 15 in Necromancy
    49 | D        | Reached skill level 15 in Transmutations
    49 | D        | Killed a destroyer
    50 | D        | Reached skill level 15 in Unarmed Combat
    50 | D        | Noticed a tyrant
    52 | D        | Annihilated by a meat berserker

Illustrated notes

Levels and vault maps discovered:
D:        meatsprint

Skill      XL: |  1  2  3  4  5  6  7  8  9 10 11 12 13 14 15 16 17 18 19 20 21 22 |
---------------+-------------------------------------------------------------------+-----
Fighting       | 14 15 16 18 22 23 26 27 | 27.0
Axes           | 14 15 16 18 22 23 26 27 | 27.0
Throwing       | 13 14 15 17 20 21 24 27 | 27.0
Dodging        | 16 18 19 21 25 27 | 27.0
Invocations    | 6 25 27 | 27.0
Armour         | 23 27 | 27.0
Short Blades   | 6 10 13 15 | 15.7
Long Blades    | 5 8 11 13 | 13.0
Maces & Flails | 4 7 9 11 | 11.0
Polearms       | 4 7 10 12 | 12.0
Staves         | 4 7 9 11 | 11.0
Ranged Weapons | 4 7 9 11 | 11.0
Stealth        | 8 27 | 27.0
Shields        | 4 8 11 13 | 13.0
Unarmed Combat | 5 9 13 15 | 15.2
Spellcasting   | 4 8 11 13 | 13.0
Conjurations   | 3 6 9 11 | 11.0
Hexes          | 8 13 17 19 | 19.9
Summonings     | 5 9 12 14 | 14.5
Necromancy     | 6 10 13 15 | 15.6
Translocations | 4 7 10 12 | 12.3
Transmutations | 6 10 13 15 | 15.6
Fire Magic     | 4 7 10 12 | 12.3
Ice Magic      | 5 9 12 14 | 14.4
Air Magic      | 5 9 12 14 | 14.4
Earth Magic    | 5 9 12 14 | 14.4
Poison Magic   | 5 8 11 13 | 13.3
Evocations     | 5 8 11 13 | 13.3

Action                   |  1- 3 |  4- 6 |  7- 9 | 10-12 | 13-15 | 16-18 | 19-21 | 22-24 || total
-------------------------+-------+-------+-------+-------+-------+-------+-------+-------++-------
Melee: Executioner's axe |     1 |       |       |     2 |     7 |     8 |    14 |     2 ||    34
 Abil: Exsanguinate      |       |       |       |       |       |       |       |     1 ||     1
  Use: Scroll            |       |       |       |       |       |       |     1 |       ||     1
Armor: Leather armour    |       |       |       |       |       |       |       |     1 ||     1
Dodge: Dodged            |       |       |       |       |       |       |       |     4 ||     4

Table legend: (Time is in decaauts)
 A = Elapsed time spent in this place.
 B = Non-inter-level travel time spent in this place.
 C = Inter-level travel time spent in this place.
 D = Time resting spent in this place.
 E = Time spent auto-exploring this place.
 F = Levels seen in this place.
 G = Mean time per level.
                   A        B        C        D        E       F      G
               +--------+--------+--------+--------+--------+-----+--------+
         Total |     43 |     43 |      0 |      0 |      0 |   1 |   43.0 |
       Dungeon |     43 |     43 |      0 |      0 |      0 |   1 |   43.0 |
               +--------+--------+--------+--------+--------+-----+--------+

Top non-repeatable levels by time:
       D: 43 daAuts
